 Dungeon Sprint DCSS version 0.29-a0-322-g68df515428 (webtiles) character file.

Game seed: 15150831194579189457

3209 rocky1 the Nimble (level 10, -16/80 HPs)
             Began as a Djinni Ice Elementalist on Apr 8, 2022.
             Was a High Priest of Okawaru.
             Demolished by a bog body (40 damage)
             ... in the Dungeon (Sprint VII: "The Pits").
             The game lasted 00:13:44 (3674 turns).

rocky1 the Nimble (Djinni Ice Elementalist)         Turns: 3674, Time: 00:13:45

Health: -16/80     AC:  5    Str:  7    XL:     10   Next: 17%
Gold:   0          EV: 19    Int: 21    God:    Okawaru [*****.] SH:  0 Dex: 17

rFire   + + .      SeeInvis .   m - +2 scimitar (holy)
rCold   x . .      Faith    .   (no shield)
rNeg    . . .      Spirit   .   a - +0 robe
rPois   ∞          Reflect  .   (no helmet)
rElec   .          Harm     .   (no cloak)
rCorr   .          Rampage  .   (no gloves)
Will    +....      NoTele   +   (boots unavailable)
Stlth   ++........              (no amulet)
HPRegen 0.23/turn               j - +3 ring of protection
MPRegen 0.00/turn               k - +3 ring of dexterity

@: freezing walls, flying, slowed, very slow
A: sickness immunity, fire resistance 2, cold vulnerability 1, float, innate
caster, HP casting, extra vitality 1
a: Renounce Religion, Heroism, Finesse


You were in the Dungeon.
You worshipped Okawaru.
Okawaru was extremely pleased with you.
You visited 1 branch

Inventory:

Hand Weapons
 m - a +2 scimitar of holy wrath (weapon)
Armour
 a - a +0 robe (worn)
 l - a +4 scale mail
Jewellery
 j - a +3 ring of protection (left hand)
 k - a +3 ring of dexterity (right hand)
Scrolls
 f - a scroll of blinking
Potions
 b - 8 potions of curing
 c - 11 potions of heal wounds
 d - 2 potions of haste
 e - 4 potions of berserk rage
 g - 2 potions of invisibility


   Skills:
 + Level 10.0 Fighting
 + Level 9.1 Long Blades
 + Level 8.0 Armour
 + Level 11.2 Dodging
 - Level 1.5 Stealth
 + Level 8.5 Spellcasting
 + Level 7.1 Invocations


You had 7 spell levels left.
You knew the following spells:

 Your Spells              Type           Power      Damage    Failure   Level
a - Freeze                Ice            100%       1d11      1%          1
b - Frozen Ramparts       Ice            88%        1d10      1%          3
c - Ozocubu's Armour      Ice            44%        N/A       1%          3
d - Hailstorm             Conj/Ice       44%        3d10      2%          4
e - Shock                 Conj/Air       100%       1d9       1%          1
f - Poisonous Vapours     Pois/Air       88%        N/A       1%          2
g - Passwall              Tmut/Erth      36%        N/A       1%          2
h - Vampiric Draining     Necr           44%        2d9       1%          3
Your spell library was empty.

Dungeon Overview and Level Annotations

Branches:
Dungeon (1/1)

Altars:
Ashenzari
Cheibriados
Dithmenos
Elyvilon
Fedhas
Gozag
Hepliaklqana
Kikubaaqudgha
Makhleb
Nemelex Xobeh
Okawaru
Qazlal
Ru
Sif Muna
Trog
Uskayaw
Vehumet
Wu Jian
Xom
Yredelemnul
Zin
The Shining One
Beogh
Jiyva
Lugonu


Innate Abilities, Weirdness & Mutations

You are immune to sickness and miasma.
You are immune to poison.
Your flesh is very heat resistant. (rF++)
You are vulnerable to cold. (rC-)
You float through the air rather than walking.
You learn spells naturally, not from books.
Your magical power is your life essence.
You have superior vitality. (+4 MHP)


Message History

Your Invocations skill increases to level 7!
Unknown command.
You start resting.
The frozen ramparts melt away.
You start resting.
HP restored.
You start waiting.
Done waiting.
There is an open door, spattered with blood here.
A rime drake, a black mamba and a bog body come into view.
You slash the bog body!
The bog body convulses!
The bog body is moderately damaged.
The rime drake hisses angrily.
The bog body casts a spell at you.
You feel yourself slow down.
The bog body gestures at you while chanting.
You feel as though you will be slow longer.
There is an open door, spattered with blood here.
The bog body touches you. The bog body freezes you!!!
You feel a terrible chill!
Ouch! That really hurt!
Casting: Hailstorm (dangerous; 2% risk of failure)
Confirm with . or Enter, or press ? or * to list all spells.
Casting: Hailstorm (dangerous; 2% risk of failure)
Press: ? - help, Dir - look around, f - activate A cannonade of hail descends around you!
The hail pelts the rime drake!
The rime drake partially resists.
The rime drake is moderately wounded.
The bog body completely misses you.
Unknown command.
Casting: Hailstorm (dangerous; 2% risk of failure)
Confirm with . or Enter, or press ? or * to list all spells.
Casting: Frozen Ramparts (safe; 1% risk of failure)
Press: ? - help, Dir - look around, f - activate The walls around you are covered in ice.
The bog body resists.
The wall freezes the bog body.
The bog body touches you.
* * * LOW HITPOINT WARNING * * *
The bog body freezes you!!!
You feel a terrible chill!
Ouch! That really hurt!
You die...

....##..##..............
<...##..####...#[######.
....##..#.)#####.##
....##..#)...##...#
....##..'))...#...#
######..))....'...+
######..'.)...#...#
..[[##..#....##...#
...[##..#..#####@##
..))##..####.S.#n######.
..))##..##S.....k.......
..))##..#..............#
########################


You could see a bog body and a rime drake.

Vanquished Creatures
  A swamp dragon (D)
  An orc sorcerer (D)
  A smoke demon (D)
  A hornet (D)
  A wyvern (D)
  A ynoxinul (D)
  A wraith (D)
  A fire bat (D)
  A basilisk (D)
  A redback (D)
  A floating eye (D)
  A water moccasin (D)
  An orc warrior (D)
  2 phantoms (D)
  A centaur (D)
  A gnoll sergeant (D)
  4 wights (D)
  2 quasits (D)
  2 orc priests (D)
  2 orc wizards (D)
  4 gnolls (D)
  An ufetubus (D)
  A worm (D)
  8 orcs (D)
  A ball python (D)
  An endoplasm (D)
  A hobgoblin (D)
  A quokka (D)
  A bat (D)
  A giant cockroach zombie (D)
  2 rats (D)
49 creatures vanquished.

Notes
Turn   | Place    | Note
-------+----------+-------------------------------------------
     0 | D        | rocky1 the Djinni Ice Elementalist began the quest for the
                  | Orb.
     0 | D        | Reached XP level 1. HP: 15/15 MP: 0/0
    17 | D        | Reached skill level 1 in Fighting
    20 | D        | Found a bloodstained altar of Trog.
    20 | D        | Found a viscous altar of Jiyva.
    20 | D        | Found a hazy altar of Hepliaklqana.
    20 | D        | Found an opulent altar of Gozag.
    21 | D        | Found a glowing golden altar of the Shining One.
    21 | D        | Found a glowing silver altar of Zin.
    21 | D        | Found a basalt altar of Yredelemnul.
    21 | D        | Found a shimmering altar of Xom.
    21 | D        | Found an ornate altar of the Wu Jian Council.
    21 | D        | Found a sacrificial altar of Ru.
    21 | D        | Found a stormy altar of Qazlal.
    21 | D        | Found an iron altar of Okawaru.
    21 | D        | Found a sparkling altar of Nemelex Xobeh.
    21 | D        | Found a burning altar of Makhleb.
    21 | D        | Found a blossoming altar of Fedhas.
    21 | D        | Found a white marble altar of Elyvilon.
    21 | D        | Found a shadowy altar of Dithmenos.
    21 | D        | Found a snail-covered altar of Cheibriados.
    24 | D        | Found a corrupted altar of Lugonu.
    25 | D        | Found a hide-covered altar of Uskayaw.
    25 | D        | Found a broken altar of Ashenzari.
    45 | D        | Became a worshipper of Warmaster Okawaru
    83 | D        | Noticed a floating eye
    92 | D        | Paralysed by a floating eye for 2 turns
    96 | D        | Killed a floating eye
    96 | D        | Reached * piety under Okawaru
    97 | D        | Reached skill level 4 in Dodging
    97 | D        | Reached XP level 2. HP: 26/26 MP: 0/0
    97 | D        | Reached XP level 3. HP: 31/31 MP: 0/0
    97 | D        | Learned a level 1 spell: Shock
    97 | D        | Reached XP level 4. HP: 37/37 MP: 0/0
    97 | D        | Reached XP level 5. HP: 41/41 MP: 0/0
    97 | D        | Learned a level 2 spell: Poisonous Vapours
   204 | D        | Reached skill level 5 in Dodging
   541 | D        | Reached skill level 5 in Spellcasting
   557 | D        | Reached XP level 6. HP: 34/49 MP: 0/0
   558 | D        | Reached skill level 6 in Dodging
   591 | D        | Reached ** piety under Okawaru
   592 | D        | Reached skill level 5 in Fighting
   592 | D        | Reached skill level 5 in Invocations
   641 | D        | Reached skill level 5 in Long Blades
   931 | D        | Reached skill level 1 in Armour
   931 | D        | Reached skill level 7 in Dodging
   931 | D        | Reached XP level 7. HP: 2/56 MP: 0/0
   931 | D        | Learned a level 2 spell: Passwall
  1627 | D        | Noticed a wraith
  1653 | D        | Killed a wraith
  1901 | D        | Noticed a water moccasin
  1906 | D        | Killed a water moccasin
  1907 | D        | Reached skill level 8 in Dodging
  2034 | D        | Noticed a redback
  2034 | D        | Noticed an orc sorcerer
  2039 | D        | Noticed a neqoxec
  2042 | D        | Reached XP level 8. HP: 24/64 MP: 0/0
  2042 | D        | Killed an orc sorcerer
  2042 | D        | Reached *** piety under Okawaru
  2043 | D        | Reached skill level 5 in Armour
  2043 | D        | Reached skill level 9 in Dodging
  2663 | D        | Noticed a ynoxinul
  2666 | D        | Reached XP level 9. HP: 63/71 MP: 0/0
  2666 | D        | Learned a level 3 spell: Vampiric Draining
  2668 | D        | Reached **** piety under Okawaru
  2669 | D        | Reached skill level 10 in Dodging
  3112 | D        | Noticed a smoke demon
  3112 | D        | Noticed a hornet
  3112 | D        | Noticed a swamp dragon
  3117 | D        | Killed a hornet
  3118 | D        | Killed a smoke demon
  3123 | D        | Killed a swamp dragon
  3124 | D        | Reached skill level 11 in Dodging
  3124 | D        | Reached XP level 10. HP: 12/80 MP: 0/0
  3539 | D        | Reached ***** piety under Okawaru
  3540 | D        | Reached skill level 10 in Fighting
  3669 | D        | Noticed a rime drake
  3669 | D        | Noticed a black mamba
  3669 | D        | Noticed a bog body
  3674 | D        | Demolished by a bog body

Illustrated notes

Levels and vault maps discovered:
D:        pitsprint [storerooms_1, entrance_room_1, metal_vault_1, armoury_1,
          mini_pit_1, grid_room_1, main_hall_1, silver_pit, the_coven_1,
          the_vestibule_1, steel_vault_4, golden_pit, hallway_of_sentries,
          crystal_vault_2, iron_vault_3, final_vault]

Skill      XL: |  1  2  3  4  5  6  7  8  9 10 |
---------------+-------------------------------+-----
Fighting       | 3 4 6 7 8 9 10 | 10.0
Long Blades    | 3 4 5 6 7 8 9 |  9.1
Dodging        | 4 5 7 8 9 11 | 11.2
Spellcasting   | 4 5 6 7 8 |  8.5
Invocations    | 3 4 5 6 7 |  7.1
Armour         | 1 4 6 7 8 |  8.0
Stealth        | |  1.5

Action                   |  1- 3 |  4- 6 |  7- 9 | 10-12 || total
-------------------------+-------+-------+-------+-------++-------
Melee: Falchion          |     6 |    80 |    24 |       ||   110
       Punch             |       |     2 |     1 |       ||     3
       Long sword        |       |       |     6 |       ||     6
       Scimitar          |       |       |     3 |     3 ||     6
 Cast: Freeze            |     1 |       |     4 |       ||     5
       Poisonous Vapours |       |     5 |       |       ||     5
       Frozen Ramparts   |       |     2 |     4 |     2 ||     8
       Ozocubu's Armour  |       |     1 |     2 |       ||     3
       Shock             |       |     2 |       |       ||     2
       Hailstorm         |       |       |    18 |     2 ||    20
Invok: Heroism           |       |     3 |     2 |       ||     5
  Use: Potion            |       |     3 |       |       ||     3
 Stab: Sleeping          |       |     1 |       |       ||     1
Armor: Robe              |       |    20 |    12 |       ||    32
Dodge: Dodged            |       |    95 |    36 |     7 ||   138

Table legend: (Time is in decaauts)
 A = Elapsed time spent in this place.
 B = Non-inter-level travel time spent in this place.
 C = Inter-level travel time spent in this place.
 D = Time resting spent in this place.
 E = Time spent auto-exploring this place.
 F = Levels seen in this place.
 G = Mean time per level.
                   A        B        C        D        E       F      G
               +--------+--------+--------+--------+--------+-----+--------+
         Total |   3688 |   3672 |     16 |   3065 |     60 |   1 | 3688.0 |
       Dungeon |   3688 |   3672 |     16 |   3065 |     60 |   1 | 3688.0 |
               +--------+--------+--------+--------+--------+-----+--------+

Top non-repeatable levels by time:
       D: 3688 daAuts
